 Dungeon Crawl Stone Soup version 0.24.0-13-gcf9b3192b9 (webtiles) character file.

Game seed: 13429115647153525272, levelgen mode: deterministic

197 PentaManta the Sneak (level 6, -12/37 HPs)
             Began as a Kobold Assassin on Nov 9, 2019.
             Mangled by a centaur
             ... wielding a +0 rapier
              (15 damage)
             ... on level 4 of the Dungeon.
             The game lasted 00:10:09 (3403 turns).

PentaManta the Sneak (Kobold Assassin)              Turns: 3403, Time: 00:10:10

Health: -12/37     AC:  4    Str: 14    XL:     6   Next: 5%
Magic:  6/6        EV: 15    Int: 12    God:
Gold:   180        SH:  0    Dex: 18    Spells: 5/5 levels left

rFire    . . .     SeeInvis .   a - +2 dagger
rCold    . . .     Gourm    .   (shield restricted)
rNeg     . . .     Faith    .   t - +0 leather armour
rPois    .         Spirit   .   (no helmet)
rElec    .         Reflect  .   c - +0 cloak
rCorr    .         Harm     .   (no gloves)
MR       .....                  (no boots)
Stlth    +.........             (no amulet)
HPRegen  0.12/turn              (no ring)
MPRegen  0.10/turn              (no ring)

@: confused, mighty
A: small, carnivore
a: no special abilities


You were on level 4 of the Dungeon.
You were not hungry.

You visited 1 branch of the dungeon, and saw 4 of its levels.

You collected 180 gold pieces.

Inventory:

Hand Weapons
 a - a +2 dagger (weapon)
 m - a +0 hunting sling
Missiles
 d - 13 poisoned darts (quivered)
 e - 2 curare-tipped darts
 j - 216 stones
 p - 4 atropa-tipped darts
Armour
 c - a +0 cloak (worn)
 t - a +0 leather armour (worn)
Jewellery
 k - an uncursed ring of fire {unknown}
 r - an uncursed ring of wizardry {unknown}
Scrolls
 b - a scroll of noise {unknown}
 g - a scroll of identify
 h - a scroll of immolation {unknown}
 i - a scroll of teleportation {unknown}
 l - 2 scrolls of enchant weapon {unknown}
 o - 2 scrolls of remove curse {unknown}
 q - a scroll of fear
 s - a scroll of amnesia {unknown}
 v - a scroll of magic mapping {unknown}
Comestibles
 f - 6 rations


   Skills:
 + Level 3.4 Fighting
 + Level 4.1 Short Blades
 - Level 2.1 Throwing
 + Level 3.0 Dodging
 * Level 7.3 Stealth


You had 5 spell levels left.
You didn't know any spells.
Your spell library was empty.

Dungeon Overview and Level Annotations

Branches:
Dungeon (4/15)
 Temple: D:4-7

Altars:
Dithmenos
Kikubaaqudgha
Nemelex Xobeh
Okawaru


Innate Abilities, Weirdness & Mutations

You are small and have problems with some larger weapons.
You are carnivorous and can eat meat at any time.


Message History

You feel less confused. The centaur completely misses you.
Throwing (i - inventory. (/) - cycle)
d - 14 poisoned darts (quivered)
Press: ? - help, Shift-Dir - straight line, f/p - centaur
Aim: a centaur, wielding a +0 rapier and carrying a wand of enslavement (9) (moderately wounded, unusually strong)
You throw a poisoned dart. The poisoned dart hits the centaur.
The centaur is poisoned.
The centaur is moderately wounded.
The centaur hits you with a +0 rapier!
* * * LOW HITPOINT WARNING * * *
Quiver which item? (- for none, * to show all) (? for menu, Esc to quit)
Okay, then.
It was a potion of curing.
You feel better. The centaur closely misses you.
The centaur zaps a wand.
Your will is overpowered!
You are confused.
You feel very mighty all of a sudden. The centaur hits you with a +0 rapier!
* * * LOW HITPOINT WARNING * * *
You're too confused to move!
The centaur hits you with a +0 rapier!
You die...

###.###.#.
.#####.........
.......(.....#
#.####.....#.#
#......#.....#
#.####.....#.# #.#
##.#[....# #.#
#.c###..#.. #.# #@##
..# #.# #.# .# #<#
#)# .. #.# #.# ..
#.####.# .#
#.#####.##...# ...
#............# r..l
##......##...# .....
#.########..##......


You could see a centaur.

Vanquished Creatures
  An orc wizard (D:3)
  A worker ant (D:4)
  3 gnolls
  4 adders (D:2)
  4 worms
  2 dart slugs
  A leopard gecko (D:2)
  5 orcs
  2 giant cockroaches
  5 goblins (D:2)
  6 hobgoblins
  5 jackals
  A quokka (D:2)
  7 bats
  2 frilled lizards (D:2)
  5 kobolds
  6 rats
60 creatures vanquished.

Notes
Turn   | Place    | Note
-------+----------+-------------------------------------------
     0 | D:1      | PentaManta the Kobold Assassin began the quest for the Orb.
     0 | D:1      | Reached XP level 1. HP: 12/12 MP: 1/1
    11 | D:1      | Reached XP level 2. HP: 18/18 MP: 2/2
   726 | D:2      | Reached XP level 3. HP: 21/22 MP: 3/3
   766 | D:2      | Reached skill level 6 in Stealth
   996 | D:2      | Reached XP level 4. HP: 26/27 MP: 4/4
  1048 | D:2      | Found an iron altar of Okawaru.
  1603 | D:2      | Reached XP level 5. HP: 28/32 MP: 5/5
  2015 | D:3      | Reached skill level 7 in Stealth
  2419 | D:3      | Found a shadowy altar of Dithmenos.
  2421 | D:3      | Found a sparkling altar of Nemelex Xobeh.
  2723 | D:3      | Found an ancient bone altar of Kikubaaqudgha.
  3145 | D:4      | Reached XP level 6. HP: 13/37 MP: 6/6
  3403 | D:4      | Mangled by a centaur

Levels and vault maps discovered:
D:1:      ncdulo_watergridlock, layout_loops_cross, serial_forest,
          infiniplex_forest_clump_diagonal, infiniplex_forest_corner_1,
          infiniplex_forest_straight_4, infiniplex_forest_lined_corner,
          infiniplex_forest_join, infiniplex_forest_lined_4_way,
          infiniplex_forest_straight_4
D:2:      minmay_chambers_of_twos, layout_basic, corner_web_ring,
          okawaru_altar_gauntlet_db
D:3:      layout_basic, lemuel_crystal_altar, kiku_gazebo_pond_becter,
          nicolae_dithmenos_through_a_glass_darkly
D:4:      layout_loops_ring, grunt_temple_overflow_lords_of_destruction,
          nicolae_qazlal_eye_of_the_storm, first_ration

Skill      XL: |  1  2  3  4  5 |
---------------+----------------+-----
Short Blades   | 3 4 |  4.1
Stealth        | 6 7 |  7.3
Dodging        | 2 3 |  3.0
Fighting       | 3 |  3.4
Throwing       | |  2.1

Action                   |  1- 3 |  4- 6 || total
-------------------------+-------+-------++-------
Melee: Dagger            |    53 |   224 ||   277
Throw: Dart              |     3 |     6 ||     9
  Use: Scroll            |       |     2 ||     2
       Potion            |       |     2 ||     2
 Stab: Sleeping          |     9 |     5 ||    14
       Distracted        |       |     1 ||     1
  Eat: Chunk             |     1 |     9 ||    10
Armor: Robe              |    10 |    15 ||    25
       Leather armour    |       |    19 ||    19
Dodge: Dodged            |    26 |   166 ||   192
